 Dungeon Crawl Stone Soup version 0.26.0-45-g9c1d065592 (webtiles) character file.

Game seed: 11016920354829721398

(classic levelgen) 385 thiole the Firebug (level 6, 0/39 HPs)
             Began as an Octopode Venom Mage on Jan 30, 2021.
             Succumbed to an adder's poison
             ... on level 4 of the Dungeon.
             The game lasted 00:07:43 (5520 turns).

thiole the Firebug (Octopode Venom Mage)            Turns: 5520, Time: 00:07:43

Health: 0/39       AC:  1    Str:  8    XL:     6   Next: 77%
Magic:  0/9        EV: 13    Int: 19    God:
Gold:   231        SH:  0    Dex: 12    Spells: 2/9 levels left

rFire    . . .     SeeInvis .   (no weapon)
rCold    . . .     Faith    .   (no shield)
rNeg     . . .     Spirit   .   (helmet restricted)
rPois    .         Reflect  .   (no amulet)
rElec    .         Harm     .   (no ring)
rCorr    .         Rampage  .   (no ring)
Will     .....                  (no ring)
Stlth    +++.......             (no ring)
HPRegen  0.13/turn              (no ring)
MPRegen  0.11/turn              (no ring)
                                (no ring)
                                (no ring)

@: lethally poisoned (0 -> -11), very slightly contaminated, hasted, invisible,
very quick
A: almost no armour, stealthy swim, amphibious, 8 rings, constrict 8, camouflage
1, gelatinous body 1
a: no special abilities


You were on level 4 of the Dungeon.
You visited 1 branch of the dungeon, and saw 4 of its levels.

You collected 231 gold pieces.

Inventory:

Missiles
 f - 42 stones
Wands
 m - a wand of random effects (17)
Scrolls
 a - 2 scrolls of amnesia {unknown}
 c - 7 scrolls of identify {unknown}
 d - 2 scrolls of random uselessness {unknown}
 i - a scroll of fear {unknown}
 j - a scroll of enchant armour {unknown}
 l - a scroll of magic mapping {unknown}
Potions
 h - a potion of ambrosia {unknown}
 k - a potion of flight {unknown}


   Skills:
 - Level 2.0 Fighting
 - Level 2.0 Dodging
 - Level 2.6 Stealth
 - Level 2.0 Spellcasting
 - Level 2.0 Transmutations
 - Level 5.1 Fire Magic
 + Level 2.2 Air Magic
 - Level 4.0 Poison Magic


You had 2 spell levels left.
You knew the following spells:

 Your Spells              Type           Power        Failure   Level
a - Sting                 Tmut/Pois      52%          4%          1
b - Mephitic Cloud        Conj/Pois/Air  9%           22%         3
c - Ignite Poison         Fire/Tmut/Pois 15%          11%         3

Your spell library contained the following spells:

 Spells                   Type           Power        Failure   Level
 Poisonous Vapours        Pois/Air       26%          7%          2
 Olgreb's Toxic Radiance  Pois           17%          32%         4


Dungeon Overview and Level Annotations

Branches:
Dungeon (4/15)
 Temple: D:4-7

Altars:
Ashenzari
Fedhas
Qazlal
Zin
The Shining One


Innate Abilities, Weirdness & Mutations

You cannot wear most types of armour.
You are very stealthy in the water. (Stealth+)
You are amphibious.
You can wear up to eight rings at the same time.
You can use your tentacles to constrict eight enemies at once.
Your skin changes colour to match your surroundings (Stealth+).
Your rubbery body absorbs attacks. (AC +1, EV +1)


Message History

You fade into invisibility!
The adder bites you.
* * * LOW HITPOINT WARNING * * *
You are more poisoned.
The adder poisons you!
You are very lightly contaminated with residual magic.
You miss the adder. You grab the adder.
You squeeze the adder, but do no damage.
The adder is severely wounded.
You constrict the adder.
* * * LOW HITPOINT WARNING * * *
You feel sick. The adder closely misses you.
Casting: Sting (safe; 4% risk of failure)
Confirm with . or Enter, or press ? or * to list all spells.
Aiming: Sting (safe; 4% risk of failure)
Press: ? - help, Shift-Dir - straight line, f/p - adder
Aim: an adder (severely wounded, constricted by you, poisoned, 10% to evade)
The sting hits the adder.
The adder looks even sicker.
You kill the adder!
You die...

#.# #.# #
#.#
#.######S###
#.[........#
########.#.#
#######.#.#
#.......#.#
#@#######.#
#.# #.# #.#
#.# #.# #.#
#.# ### #.#
#.# #.#


There were no monsters in sight!

Vanquished Creatures
  3 wights
  An orc priest (D:3)
  A hound (D:4)
  An orc wizard (D:3)
  A worker ant (D:4)
  4 adders
  A white imp (D:3)
  An adder skeleton (D:4)
  3 worms
  4 dart slugs (D:1)
  2 leopard geckos
  6 orcs
  2 ball pythons
  4 giant cockroaches
  12 goblins
  9 hobgoblins
  10 kobolds
  2 quokkas (D:3)
  8 bats
  10 frilled lizards
  12 rats
97 creatures vanquished.

Vanquished Creatures (others)
  3 fungi (D:3)
  4 plants (D:3)
7 creatures vanquished.

Grand Total: 104 creatures vanquished

Notes
Turn   | Place    | Note
-------+----------+-------------------------------------------
     0 | D:1      | thiole the Octopode Venom Mage began the quest for the Orb.
     0 | D:1      | Reached XP level 1. HP: 11/11 MP: 3/3
   212 | D:1      | Reached XP level 2. HP: 18/18 MP: 0/5
   216 | D:1      | Reached skill level 1 in Fighting
   627 | D:1      | Reached XP level 3. HP: 11/24 MP: 1/6
   632 | D:1      | Reached skill level 1 in Fire Magic
  1419 | D:1      | Found a glowing golden altar of the Shining One.
  1673 | D:2      | Found a broken altar of Ashenzari.
  1702 | D:2      | Reached skill level 2 in Fire Magic
  1781 | D:2      | Found a glowing silver altar of Zin.
  1781 | D:2      | Noticed an angel
  1902 | D:2      | Reached XP level 4. HP: 29/29 MP: 3/7
  2557 | D:3      | Reached skill level 3 in Fire Magic
  2641 | D:3      | Reached XP level 5. HP: 9/34 MP: 0/8
  2943 | D:2      | Reached skill level 4 in Fire Magic
  3284 | D:3      | Found a stormy altar of Qazlal.
  3300 | D:3      | Found a blossoming altar of Fedhas.
  3608 | D:3      | Reached skill level 5 in Fire Magic
  3608 | D:3      | Reached XP level 6. HP: 33/39 MP: 9/9
  3702 | D:3      | Learned a level 3 spell: Mephitic Cloud
  3706 | D:3      | Learned a level 3 spell: Ignite Poison
  4460 | D:3      | Reached skill level 1 in Air Magic
  5467 | D:4      | Noticed a phantom
  5519 | D:4      | HP: 1/39 [poisoned by an adder]
  5520 | D:4      | Succumbed to an adder's poison

Illustrated notes

Levels and vault maps discovered:
D:1:      dpeg_arrival_lava_altar, layout_loops_ring, glass_columns_a,
          minmay_hedge_maze, minmay_tripent
D:2:      cheibrodos_helix_gallery, layout_rooms, zin_angel, ashenzari_altar_1
D:3:      layout_basic, grunt_temple_overflow_forces_of_nature,
          minmay_misc_feat_columns
D:4:      layout_loops_ring, minitemple

Skill      XL: |  1  2  3  4  5  6 |
---------------+-------------------+-----
Poison Magic   | 4 |  4.0
Fighting       | 2 |  2.0
Fire Magic     | 2 3 5 |  5.1
Air Magic      | 2 |  2.2
Transmutations | 2 |  2.0
Dodging        | |  2.0
Stealth        | |  2.6
Spellcasting   | |  2.0

Action                   |  1- 3 |  4- 6 || total
-------------------------+-------+-------++-------
Melee: Unarmed           |    21 |    99 ||   120
       Constrict         |    12 |    20 ||    32
       Tentacles         |     5 |    15 ||    20
 Cast: Sting             |    72 |    95 ||   167
       Mephitic Cloud    |       |     2 ||     2
       Ignite Poison     |       |     1 ||     1
  Use: Potion            |       |     6 ||     6
 Stab: Sleeping          |     1 |       ||     1
Armor: Skin              |     5 |     5 ||    10
Dodge: Dodged            |    15 |    80 ||    95
